| TOP OF THE 1ST |
|
Toronto Blue Jays batting - Pitching for Baltimore Orioles : RHP Dwight Gooden
|
|
Pitching: RHP Dwight Gooden
|
|
|
Batting: LHB Tony Womack
|
0-0: Ball 1-0: Ball 2-0: Ball 3-0: Base on Balls
|
|
Batting: SHB Tony Fernandez
|
0-0: Ball 1-0: Ball 2-0: Fielders Choice at 2nd, 3-6 (Groundball, 3, EV 76.9 MPH)
|
|
Batting: RHB Mark McGwire
|
0-0: Called Strike 0-1: Called Strike 0-2: Strikes out swinging
|
|
Batting: RHB Ellis Burks
|
0-0: Ground out 1-3 (Groundball, P, EV 84.4 MPH)
|
| Top of the 1st over - 0 runs, 0 hits, 0 errors, 1 left on base; Toronto 0 - Baltimore 0 |
| BOTTOM OF THE 1ST |
|
Baltimore Orioles batting - Pitching for Toronto Blue Jays : LHP Bryan Hickerson
|
|
Pitching: LHP Bryan Hickerson
|
|
|
Batting: LHB Bill Spiers
|
0-0: Ball 1-0: Ground out U3 (Groundball, 34, EV 84.4 MPH)
|
|
Batting: LHB Troy O'Leary
|
0-0: Called Strike 0-1: Swinging Strike 0-2: Strikes out looking
|
|
Batting: LHB Johnny Damon
|
0-0: Foul Ball, location: 2F 0-1: Ball 1-1: Foul Ball, location: 2F 1-2: Fly out, F9 (Flyball, 9S, EV 79.4 MPH)
|
| Bottom of the 1st over - 0 runs, 0 hits, 0 errors, 0 left on base; Toronto 0 - Baltimore 0 |
| TOP OF THE 2ND |
|
Toronto Blue Jays batting - Pitching for Baltimore Orioles : RHP Dwight Gooden
|
|
Batting: LHB Lance Johnson
|
0-0: Ball 1-0: Foul Ball, location: 2F 1-1: Fly out, F8 (Flyball, 8RD, EV 106.9 MPH)
|
|
Batting: LHB Dan Pasqua
|
0-0: Called Strike 0-1: Ball 1-1: Ball 2-1: Ball 3-1: Called Strike 3-2: Base on Balls
|
|
Batting: RHB Mike Simms
|
0-0: 2-RUN HOME RUN (Flyball, 78XD, EV 98.8 MPH), Distance : 390 ft
|
|
Batting: RHB Hector Villanueva
|
0-0: Ball 1-0: Foul Ball, location: 2F 1-1: Called Strike 1-2: Fly out, F5 (Popup, 5S, EV 68.8 MPH)
|
|
Batting: SHB Torey Lovullo
|
0-0: Ball 1-0: Called Strike 1-1: Ball 2-1: Ball 3-1: Swinging Strike 3-2: Foul Ball, location: 2F 3-2: Base on Balls
|
|
Batting: LHB Tony Womack
|
0-0: Ball 1-0: Ground out 1-3 (Groundball, 13S, EV 74.4 MPH)
|
| Top of the 2nd over - 2 runs, 1 hit, 0 errors, 1 left on base; Toronto 2 - Baltimore 0 |
| BOTTOM OF THE 2ND |
|
Baltimore Orioles batting - Pitching for Toronto Blue Jays : LHP Bryan Hickerson
|
|
Batting: LHB Matt Franco
|
0-0: SINGLE (Line Drive, 89S, EV 95.0 MPH)
|
|
Batting: RHB Lyle Mouton
|
0-0: Grounds into double play, 4-6-3 (Groundball, 4, EV 80.0 MPH)
|
|
Batting: LHB Matt Nokes
|
0-0: Ball 1-0: Ball 2-0: SINGLE (Flyball, 78M, EV 90.0 MPH)
|
|
Batting: RHB Miguel Tejada
|
0-0: Called Strike 0-1: Foul Ball, location: 2F 0-2: Strikes out looking
|
| Bottom of the 2nd over - 0 runs, 2 hits, 0 errors, 1 left on base; Toronto 2 - Baltimore 0 |
| TOP OF THE 3RD |
|
Toronto Blue Jays batting - Pitching for Baltimore Orioles : RHP Dwight Gooden
|
|
Batting: SHB Tony Fernandez
|
0-0: Called Strike 0-1: Foul Ball, location: 2F 0-2: Ball 1-2: Strikes out swinging
|
|
Batting: RHB Mark McGwire
|
0-0: Ball 1-0: Ball 2-0: Ball 3-0: Called Strike 3-1: Base on Balls
|
|
Batting: RHB Ellis Burks
|
0-0: 2-RUN HOME RUN (Flyball, 9D, EV 107.5 MPH), Distance : 371 ft
|
|
Batting: LHB Lance Johnson
|
0-0: Ball 1-0: Foul Ball, location: 2F 1-1: Ground out 4-3 (Groundball, 4, EV 110.0 MPH)
|
|
Batting: LHB Dan Pasqua
|
0-0: Swinging Strike 0-1: Swinging Strike 0-2: Ball 1-2: Foul Ball, location: 2F 1-2: Foul Ball, location: 2F 1-2: Ball 2-2: Foul Ball, location: 2F 2-2: Strikes out swinging
|
| Top of the 3rd over - 2 runs, 1 hit, 0 errors, 0 left on base; Toronto 4 - Baltimore 0 |
| BOTTOM OF THE 3RD |
|
Baltimore Orioles batting - Pitching for Toronto Blue Jays : LHP Bryan Hickerson
|
|
Batting: RHB Alvaro Espinoza
|
0-0: Fly out, F9 (Flyball, 9D, EV 102.5 MPH)
|
|
Batting: RHB Ed Sprague Jr.
|
0-0: Ball 1-0: Fly out, F8 (Line Drive, 8RD, EV 96.9 MPH)
|
|
Batting: LHB Bill Spiers
|
0-0: Called Strike 0-1: Foul Ball, location: 2F 0-2: Ball 1-2: Strikes out swinging
|
| Bottom of the 3rd over - 0 runs, 0 hits, 0 errors, 0 left on base; Toronto 4 - Baltimore 0 |
| TOP OF THE 4TH |
|
Toronto Blue Jays batting - Pitching for Baltimore Orioles : RHP Dwight Gooden
|
|
Batting: RHB Mike Simms
|
0-0: Fly out, F9 (Flyball, 9S, EV 90.6 MPH)
|
|
Batting: RHB Hector Villanueva
|
0-0: Ball 1-0: Ball 2-0: Swinging Strike 2-1: Foul Ball, location: 2F 2-2: Foul Ball, location: 2F 2-2: Strikes out swinging
|
|
Batting: SHB Torey Lovullo
|
0-0: Ball 1-0: Ball 2-0: Swinging Strike 2-1: Called Strike 2-2: Ball 3-2: Strikes out swinging
|
| Top of the 4th over - 0 runs, 0 hits, 0 errors, 0 left on base; Toronto 4 - Baltimore 0 |
| BOTTOM OF THE 4TH |
|
Baltimore Orioles batting - Pitching for Toronto Blue Jays : LHP Bryan Hickerson
|
|
Batting: LHB Troy O'Leary
|
0-0: Swinging Strike 0-1: Ball 1-1: Swinging Strike 1-2: Ball 2-2: Strikes out swinging
|
|
Batting: LHB Johnny Damon
|
0-0: Called Strike 0-1: Called Strike 0-2: Ball 1-2: Ball 2-2: Ball 3-2: Strikes out swinging
|
|
Batting: LHB Matt Franco
|
0-0: Ball 1-0: Foul Ball, location: 2F 1-1: Foul Ball, location: 2F 1-2: Strikes out swinging
|
| Bottom of the 4th over - 0 runs, 0 hits, 0 errors, 0 left on base; Toronto 4 - Baltimore 0 |
| TOP OF THE 5TH |
|
Toronto Blue Jays batting - Pitching for Baltimore Orioles : RHP Dwight Gooden
|
|
Batting: LHB Tony Womack
|
0-0: Ball 1-0: Called Strike 1-1: Foul Ball, location: 2F 1-2: DOUBLE (Line Drive, 89XD, EV 105.6 MPH)
|
|
Batting: SHB Tony Fernandez
|
0-0: Ball 1-0: SINGLE (Line Drive, 6D, EV 107.5 MPH) Tony Womack to third
|
|
Batting: RHB Mark McGwire
|
0-0: Ball 1-0: Ball 2-0: Foul Ball, location: 2F 2-1: Fielders Choice at 2nd, 1-6 (Groundball, 13, EV 66.9 MPH)
|
|
Batting: RHB Ellis Burks
|
0-0: Swinging Strike 0-1: Ball 1-1: Ball 2-1: Ball 3-1: Swinging Strike 3-2: Foul Ball, location: 2F 3-2: Grounds into double play, 6-4-3 (Groundball, 6, EV 109.4 MPH)
|
| Top of the 5th over - 0 runs, 2 hits, 0 errors, 1 left on base; Toronto 4 - Baltimore 0 |
| BOTTOM OF THE 5TH |
|
Baltimore Orioles batting - Pitching for Toronto Blue Jays : LHP Bryan Hickerson
|
|
Batting: RHB Lyle Mouton
|
0-0: Called Strike 0-1: Swinging Strike 0-2: Foul Ball, location: 2F 0-2: Strikes out swinging
|
|
Batting: LHB Matt Nokes
|
0-0: Called Strike 0-1: Foul Ball, location: 2F 0-2: Fly out, F7 (Flyball, 78M, EV 82.5 MPH)
|
|
Batting: RHB Miguel Tejada
|
0-0: Swinging Strike 0-1: Fly out, F9 (Flyball, 9S, EV 91.9 MPH)
|
| Bottom of the 5th over - 0 runs, 0 hits, 0 errors, 0 left on base; Toronto 4 - Baltimore 0 |
| TOP OF THE 6TH |
|
Toronto Blue Jays batting - Pitching for Baltimore Orioles : RHP Dwight Gooden
|
|
Batting: LHB Lance Johnson
|
0-0: Reached on error, E6 (Groundball, 6M, EV 80.0 MPH)
|
|
Batting: LHB Dan Pasqua
|
0-0: Grounds into double play, 5-4-3 (Groundball, 5, EV 86.3 MPH)
|
|
Batting: RHB Mike Simms
|
0-0: Fly out, F9 (Line Drive, 9, EV 94.4 MPH)
|
| Top of the 6th over - 0 runs, 0 hits, 1 error, 0 left on base; Toronto 4 - Baltimore 0 |
| BOTTOM OF THE 6TH |
|
Baltimore Orioles batting - Pitching for Toronto Blue Jays : LHP Bryan Hickerson
|
|
Batting: RHB Alvaro Espinoza
|
0-0: Ball 1-0: SINGLE (Groundball, 6D, EV 95.6 MPH)
|
|
Batting: RHB Ed Sprague Jr.
|
0-0: Ball 1-0: Called Strike 1-1: Ball 2-1: Foul Ball, location: 2F 2-2: Ball 3-2: Base on Balls Alvaro Espinoza to second
|
|
Batting: LHB Bill Spiers
|
0-0: Bunted foul 0-1: Bunt missed! 0-2: Reached on error, E6 (Groundball, 6M, EV 108.1 MPH) Alvaro Espinoza to third Ed Sprague Jr. to second
|
|
Batting: LHB Troy O'Leary
|
0-0: Foul Ball, location: 2F 0-1: Fly out, F7 (Line Drive, 7, EV 93.1 MPH) Runner from 3rd tags up, SCORES, no throw by LF
|
|
Batting: LHB Johnny Damon
|
0-0: Ball 1-0: Foul Ball, location: 2F 1-1: Fly out, F7 (Flyball, 78S, EV 80.6 MPH)
|
|
Batting: LHB Matt Franco
|
0-0: Swinging Strike 0-1: Ground out 4-3 (Groundball, 4, EV 86.3 MPH)
|
| Bottom of the 6th over - 1 run, 1 hit, 1 error, 2 left on base; Toronto 4 - Baltimore 1 |
| TOP OF THE 7TH |
|
Toronto Blue Jays batting - Pitching for Baltimore Orioles : RHP Dwight Gooden
|
|
Batting: RHB Hector Villanueva
|
0-0: Foul Ball, location: 2F 0-1: Swinging Strike 0-2: Strikes out looking
|
|
Batting: SHB Torey Lovullo
|
0-0: Foul Ball, location: 2F 0-1: Ground out 6-3 (Groundball, 6, EV 110.6 MPH)
|
|
Batting: LHB Tony Womack
|
0-0: Ball 1-0: Ball 2-0: Called Strike 2-1: Called Strike 2-2: Strikes out swinging
|
| Top of the 7th over - 0 runs, 0 hits, 0 errors, 0 left on base; Toronto 4 - Baltimore 1 |
| BOTTOM OF THE 7TH |
|
Baltimore Orioles batting - Pitching for Toronto Blue Jays : LHP Bryan Hickerson
|
|
Batting: RHB Lyle Mouton
|
0-0: Ball 1-0: Foul Ball, location: 2F 1-1: Fly out, F9 (Flyball, 89M, EV 93.8 MPH)
|
|
Batting: LHB Matt Nokes
|
0-0: Ball 1-0: Fly out, F4 (Line Drive, 4, EV 70.6 MPH)
|
|
Batting: RHB Miguel Tejada
|
0-0: Foul Ball, location: 2F 0-1: Fly out, F7 (Flyball, 7S, EV 86.3 MPH)
|
| Bottom of the 7th over - 0 runs, 0 hits, 0 errors, 0 left on base; Toronto 4 - Baltimore 1 |
| TOP OF THE 8TH |
|
Toronto Blue Jays batting - Pitching for Baltimore Orioles : RHP Dwight Gooden
|
|
Batting: SHB Tony Fernandez
|
0-0: Ball 1-0: Called Strike 1-1: Foul Ball, location: 2F 1-2: Strikes out swinging
|
|
Batting: RHB Mark McGwire
|
0-0: Swinging Strike 0-1: Called Strike 0-2: Strikes out swinging
|
|
Batting: RHB Ellis Burks
|
0-0: Called Strike 0-1: Called Strike 0-2: Foul Ball, location: 2F 0-2: Ball 1-2: Strikes out swinging
|
| Top of the 8th over - 0 runs, 0 hits, 0 errors, 0 left on base; Toronto 4 - Baltimore 1 |
| BOTTOM OF THE 8TH |
|
Baltimore Orioles batting - Pitching for Toronto Blue Jays : LHP Bryan Hickerson
|
|
Batting: RHB Alvaro Espinoza
|
0-0: Called Strike 0-1: Called Strike 0-2: Foul Ball, location: 2F 0-2: Strikes out swinging
|
|
Batting: RHB Ed Sprague Jr.
|
0-0: Called Strike 0-1: Fly out, F1 (Line Drive, P, EV 69.4 MPH)
|
|
Batting: LHB Bill Spiers
|
0-0: Swinging Strike 0-1: Foul Ball, location: 2F 0-2: Ground out 4-3 (Groundball, 34, EV 83.1 MPH)
|
| Bottom of the 8th over - 0 runs, 0 hits, 0 errors, 0 left on base; Toronto 4 - Baltimore 1 |
| TOP OF THE 9TH |
|
Toronto Blue Jays batting - Pitching for Baltimore Orioles : RHP Dwight Gooden
|
|
Batting: LHB Lance Johnson
|
0-0: Called Strike 0-1: Ball 1-1: Called Strike 1-2: Fly out, F6 (Popup, 6M, EV 76.3 MPH)
|
|
Batting: LHB Dan Pasqua
|
0-0: Called Strike 0-1: Foul Ball, location: 2F 0-2: Strikes out swinging
|
|
Batting: RHB Mike Simms
|
0-0: Ball 1-0: Ball 2-0: Swinging Strike 2-1: Fly out, F7 (Line Drive, 7D, EV 101.9 MPH)
|
| Top of the 9th over - 0 runs, 0 hits, 0 errors, 0 left on base; Toronto 4 - Baltimore 1 |
| BOTTOM OF THE 9TH |
|
Baltimore Orioles batting - Pitching for Toronto Blue Jays : LHP Bryan Hickerson
|
|
Batting: LHB Troy O'Leary
|
0-0: Called Strike 0-1: Foul Ball, location: 2F 0-2: Foul Ball, location: 2F 0-2: Strikes out swinging
|
|
Pitching: RHP Frank Wills
|
|
|
Batting: LHB Johnny Damon
|
0-0: Foul Ball, location: 2F 0-1: Ball 1-1: Foul Ball, location: 2F 1-2: Ball 2-2: Fly out, F8 (Line Drive, 8LM, EV 91.9 MPH)
|
|
Batting: LHB Matt Franco
|
0-0: Called Strike 0-1: Ball 1-1: Foul Ball, location: 2F 1-2: Ball 2-2: Ground out 2-3 (Groundball, 2R, EV 67.5 MPH)
|
| Bottom of the 9th over - 0 runs, 0 hits, 0 errors, 0 left on base; Toronto 4 - Baltimore 1 |
|